 Dungeon Crawl Stone Soup version 0.24.0-13-gcf9b319 (webtiles) character file.

Game seed: 7562133535359576346, levelgen mode: deterministic

825 recordrepeat the Chopper (level 7, -2/62 HPs)
             Began as a Hill Orc Monk on Jan 30, 2020.
             Was a Believer of Beogh.
             Slain by an orc warrior
             ... wielding a +0 long sword
              (11 damage)
             ... on level 6 of the Dungeon.
             The game lasted 00:20:17 (5089 turns).

recordrepeat the Chopper (Hill Orc Monk)            Turns: 5089, Time: 00:20:17

Health: -2/62      AC: 13    Str: 16    XL:     7   Next: 96%
Magic:  7/7        EV: 11    Int: 10    God:    Beogh [**....]
Gold:   246        SH:  0    Dex: 13    Spells: 6/6 levels left

rFire    . . .     SeeInvis .   q - +3 great sword (curse)
rCold    . . .     Gourm    .   (shield currently unavailable)
rNeg     . . .     Faith    .   p - +0 scale mail
rPois    .         Spirit   .   (no helmet)
rElec    .         Reflect  .   (no cloak)
rCorr    .         Harm     .   (no gloves)
MR       .....                  (no boots)
Stlth    +.........             o - amulet of the acrobat
HPRegen  0.20/turn              e - +6 ring of protection
MPRegen  0.10/turn              (no ring)

@: lethally poisoned (-2 -> -3)
A: no striking features
a: Smiting, Renounce Religion


You were on level 6 of the Dungeon.
You worshipped Beogh.
Beogh was pleased with you.
You were not hungry.

You visited 1 branch of the dungeon, and saw 6 of its levels.

You collected 246 gold pieces.

Inventory:

Hand Weapons
 a - a +0 hand axe
 q - a cursed +3 great sword (weapon)
Armour
 i - a +0 chain mail
 p - a +0 scale mail (worn)
Jewellery
 e - a +6 ring of protection (left hand)
 o - an amulet of the acrobat (around neck)
Scrolls
 b - 3 scrolls of blinking
 h - a scroll of fear {unknown}
 j - a scroll of remove curse {unknown}
 l - a scroll of enchant weapon {unknown}
 m - a scroll of teleportation {unknown}
Potions
 d - a potion of agility {unknown}
 f - a potion of degeneration {unknown}
 g - a potion of mutation {unknown}
 n - a potion of magic
Comestibles
 c - 5 rations


   Skills:
 + Level 5.9 Fighting
 + Level 4.0 Long Blades
 + Level 6.5 Axes
 + Level 3.9 Armour
 + Level 3.6 Dodging
 + Level 2.0 Stealth


You had 6 spell levels left.
You didn't know any spells.
Your spell library contained the following spells:

 Spells                   Type           Power        Failure   Level  Hunger
 Beastly Appendage        Tmut           #.....       78%         1    ##.....
 Sticks to Snakes         Tmut           #.......     89%         2    ###....
 Spider Form              Tmut/Pois      #.........   98%         3    ####...
 Ice Form                 Ice/Tmut       #.......     100%        4    #####..
 Blade Hands              Tmut           #.........   100%        5    ######.


Dungeon Overview and Level Annotations

Branches:
Dungeon (6/15)
 Temple: D:4-7

Altars:
Elyvilon

Shops:
D:5 =

Annotations:
D:3 Prince Ribbit
D:5 Eustachio


Message History

The orc completely misses you.
You closely miss the orc warrior.
The orc warrior is moderately wounded.
You feel sick.
The orc warrior hits you but does no damage.
The orc hits you but does no damage.
You slash the orc warrior!
The orc warrior is severely wounded.
The orc warrior hits you but does no damage.
The orc hits you but does no damage. x2; The orc warrior barely misses you.
You hit the orc warrior but do no damage.
The orc warrior is severely wounded.
You feel sick. The orc barely misses you.
You riposte.
You closely miss the orc. The orc warrior barely misses you.
You barely miss the orc warrior.
The orc warrior is severely wounded.
The orc closely misses you.
The orc warrior hits you with a +0 long sword!
You die...
Beogh appreciates the orc warrior's killing of a heretic priest.

#........ ........##
.........### ##
..o...... .# #.o..#
.# #.o(# ###.##.##
#.#.####....#..## .#
# #...#.........#
...#####..(##o@#...##
#...#.....(#o##....#
#......###.....#
##......###...##
#......#.....#
#......#.....##
.....#.##.......####
...................#
...................#


You could see an orc warrior and an orc.

Vanquished Creatures
  A sky beast (D:5)
  A bullfrog (D:6)
  A scorpion (D:5)
  4 wights
  A crimson imp (D:6)
  A hound (D:4)
  A bullfrog skeleton (D:6)
  An orc priest (D:5)
  An orc wizard (D:5)
  2 worker ants
  11 adders
  A shadow imp (D:5)
  2 adder skeletons (D:4)
  5 worms
  2 dart slugs
  8 leopard geckos
  22 orcs
  5 bats
  A giant cockroach (D:3)
  7 goblins
  5 hobgoblins
  3 jackals (D:1)
  A quokka (D:3)
  7 frilled lizards
  8 kobolds
  2 leopard gecko skeletons
  7 rats
111 creatures vanquished.

Vanquished Creatures (others)
  A jelly (D:5)
  A frilled lizard (D:2)
2 creatures vanquished.

Grand Total: 113 creatures vanquished

Notes
Turn   | Place    | Note
-------+----------+-------------------------------------------
     0 | D:1      | recordrepeat the Hill Orc Monk began the quest for the Orb.
     0 | D:1      | Reached XP level 1. HP: 19/19 MP: 1/1
   267 | D:1      | Reached XP level 2. HP: 24/27 MP: 2/2
   451 | D:1      | Reached XP level 3. HP: 32/33 MP: 3/3
  1041 | D:2      | Reached skill level 5 in Axes
  1041 | D:2      | Reached XP level 4. HP: 41/41 MP: 4/4
  1195 | D:2      | Found a white marble altar of Elyvilon.
  1331 | D:2      | You fall into a shaft and drop 1 floor!
  1437 | D:3      | Reached skill level 1 in Armour
  2004 | D:3      | Reached XP level 5. HP: 26/47 MP: 5/5
  2826 | D:4      | Reached skill level 6 in Axes
  3021 | D:3      | Reached XP level 6. HP: 46/55 MP: 6/6
  3087 | D:3      | Reached skill level 5 in Fighting
  3618 | D:5      | Entered Level 5 of the Dungeon
  3619 | D:5      | Noticed Prince Ribbit
  4242 | D:5      | Became a worshipper of Beogh the Brigand
  4242 | D:5      | Reached * piety under Beogh
  4242 | D:5      | Reached ** piety under Beogh
  4252 | D:5      | Reached XP level 7. HP: 52/61 MP: 7/7
  4254 | D:5      | Reached skill level 1 in Long Blades
  4670 | D:5      | Found Nedufaog's Jewellery Boutique.
  4902 | D:5      | Noticed Eustachio
  5089 | D:6      | Slain by an orc warrior

Levels and vault maps discovered:
D:1:      nzn_arrival_water_spiral, layout_loops_ring, corexii_leaking_fountain
D:2:      layout_loops_ring, elyvilon_altar_4
D:3:      layout_loops_corners, first_ration
D:4:      layout_loops_cross
D:5:      layout_basic, serial_rivers, chequers_serial_rivers_micro_a,
          chequers_serial_rivers_micro_c, chequers_serial_rivers_micro_b,
          chequers_serial_rivers_marsh, serial_shops,
          nicolae_shop_temple_entry_statues_fountains, feat_on_display,
          uniq_eustachio, uniq_prince_ribbit1
D:6:      layout_cave_pools

Skill      XL: |  1  2  3  4  5  6  7 |
---------------+----------------------+-----
Fighting       | 4 5 |  5.9
Axes           | 5 6 |  6.5
Armour         | 1 2 3 |  3.9
Dodging        | 3 |  3.6
Long Blades    | 4 |  4.0
Stealth        | 2 |  2.0

Action                   |  1- 3 |  4- 6 |  7- 9 || total
-------------------------+-------+-------+-------++-------
Melee: Hand axe          |   109 |   299 |       ||   408
       Great sword       |       |    44 |    80 ||   124
Invok: Convert to Beogh  |       |     1 |       ||     1
  Use: Scroll            |       |     6 |     3 ||     9
       Potion            |       |     3 |       ||     3
 Stab: Sleeping          |     1 |       |       ||     1
       Invisible         |       |     1 |       ||     1
  Eat: Chunk             |     1 |     7 |       ||     8
       Ration            |       |     1 |     1 ||     2
Armor: Robe              |    19 |       |       ||    19
       Leather armour    |    10 |       |       ||    10
       Chain mail        |     8 |   128 |       ||   136
       Scale mail        |       |    57 |    56 ||   113
       Skin              |       |     5 |       ||     5
Dodge: Dodged            |    62 |   165 |    74 ||   301
       Rpst.: Great sword |       |    14 |    12 ||    26
